Map: Emerald City CE

Players

BreezyHurry - Winner!

  • Race: Terran Terran
  • Spawn Location: 11:00

Tan - Winner!

  • Race: Protoss Protoss
  • Spawn Location: 11:00

Alexvencedor

  • Race: Terran Terran
  • Spawn Location: 5:00

SiggerSig

  • Race: Protoss Protoss
  • Spawn Location: 5:00

VOD

Have the link to the VOD?

Description

ako yung protoss

Time

  • Played on: Aug. 14, 2024, 1:31 p.m.
  • Length: 18:25
Show
View Real Time Build Order
Export as new Build Order

BreezyHurry Terran - Winner!

Build Orders: Liberator Opening 

Get SALT Encoding   

  12  0:00  SCV  
  13  0:13  SCV  
  14  0:20  Supply Depot  
  14  0:25  SCV  
  15  0:37  Refinery  
  15  0:49  Barracks  
  15  1:02  Refinery  
  15  1:06  SCV  
  16  1:18  SCV  
  18  1:36  Orbital Command  
  18  1:38  Marine  
  18  1:45  Factory  
  18  1:55  Marine  
  19  2:03  SCV  
  20  2:13  Marine  
  21  2:18  Supply Depot  
  21  2:28  Factory Tech Lab  
  21  2:34  Starport  
  21  2:40  Supply Depot  
  21  2:42  Barracks Reactor  
  21  2:48  Siege Tank  
  24  2:59  SCV  
  25  3:11  SCV  
  26  3:16  Liberator  
  29  3:20  Siege Tank  
  31  3:42  Marine x2  
  31  4:00  Marine x2  
  33  4:18  Marine x2  
  35  4:26  Siege Tank  
  35  4:31  Command Center  
  38  4:36  Marine  
  39  5:00  Engineering Bay  
  39  5:01  Starport Reactor  
  39  5:13  Supply Depot  
  39  5:29  Marine x2  
  39  5:35  Siege Tank  
  41  5:47  Marine x2  
  43  5:51  Terran Infantry Weapons Level 1  
  43  5:56  Orbital Command, Armory  
  43  6:05  Marine x2  
  45  6:23  Marine x2  
  47  6:41  Marine  
  46  7:00  Marine  
  46  7:01  Marine  
  46  7:13  Siege Tank  
  49  7:18  Marine x2, SCV  
  52  7:30  SCV  
  52  7:36  Marine x2  
  55  7:42  SCV  
  56  7:45  Siege Tank  
  56  7:46  Terran Infantry Armor Level 1  
  58  7:54  Marine x2, SCV  
  53  8:06  SCV  
  49  8:17  Siege Tank  
  49  8:19  Marine x2  
  54  8:29  Barracks  
  54  8:37  Marine x2  
  56  8:42  Medivac x2  
  60  8:53  SCV  
  60  8:54  Marine  
  60  8:55  Marine  
  63  9:05  SCV  
  63  9:12  Marine x2  
  66  9:17  SCV  
  66  9:29  SCV  
  64  9:39  Terran Infantry Weapons Level 2  
  64  9:41  Viking x2, SCV  
  64  9:44  Barracks Reactor  
  64  9:45  Marine x2  
  71  10:03  Marine x2  
  73  10:11  Viking x2  
  77  10:21  Marine x2  
  75  10:29  Marine x2  
  75  10:33  SCV  
  78  10:55  Marine  
  78  11:21  Supply Depot  
  78  11:29  SCV  
  78  11:32  Marine  
  78  11:42  Marine x3  
  78  11:43  SCV  
  78  11:44  Supply Depot  
  82  11:47  Medivac  
  82  11:48  Medivac  
  86  11:57  Marine  
  86  11:58  SCV  
  86  12:00  Marine x3  
  85  12:07  Supply Depot  
  83  12:10  SCV  
  83  12:14  Marine  
  82  12:18  Marine x3  
  82  12:22  SCV  
  83  12:30  Supply Depot  
  83  12:32  Marine  
  83  12:36  Marine x3  
  83  12:50  Marine  
  84  12:52  Supply Depot  
  84  12:54  Marine x3  
  84  12:57  Terran Infantry Weapons Level 3  
  87  13:08  Marine  
  87  13:11  Marine x3  
  91  13:14  Supply Depot  
  91  13:26  Marine  
  84  13:29  Marine x3  
  82  13:38  Supply Depot  
  81  13:43  Marine  
  81  13:47  Marine x3  
  81  14:01  Marine  
  82  14:05  Marine x3  
  85  14:19  Marine  
  85  14:23  Marine x3  
  89  14:26  Command Center  
  89  14:37  Marine  
  90  14:41  Marine x3  
  92  14:55  Marine  
  92  14:58  Marine x3  
  96  15:03  Fusion Core  
  96  15:12  Marine  
  97  15:18  Marine x3  
  92  15:30  Marine  
  92  15:33  Terran Infantry Armor Level 2  
  84  15:36  Marine x3  
  85  15:48  Marine  
  85  15:53  Marine  
  85  15:54  Marine x2  
  88  16:05  Barracks  
  88  16:06  Marine  
  89  16:11  Marine  
  89  16:12  Marine x2  
  92  16:24  Marine  
  93  16:29  Marine  
  93  16:30  Marine x2  
  91  16:42  Marine  
  92  16:47  Marine  
  93  17:44  Barracks Reactor  
Show
View Real Time Build Order
Export as new Build Order

Tan Protoss - Winner!

Build Orders:  

Get SALT Encoding   

  12  0:16  Probe  
  14  0:28  Probe  
  14  0:40  Assimilator, Pylon, Probe  
  15  0:58  Probe  
  15  1:03  Gateway  
  16  1:10  Probe  
  17  1:15  Gateway  
  17  1:22  Probe  
  18  1:34  Probe  
  19  1:46  Probe  
  20  1:58  Probe  
  21  2:02  Cybernetics Core  
  21  2:08  Gateway  
  21  2:10  Probe  
  21  2:13  Pylon  
  23  2:22  Probe  
  23  2:38  Warp Gate  
  23  2:48  Assimilator  
  23  2:53  Nexus  
  23  2:56  Pylon  
  23  2:57  Stalker  
  23  2:58  Stalker  
  27  3:10  Forge  
  27  3:15  Probe (Chrono Boost)  
  28  3:25  Probe (Chrono Boost)  
  29  3:30  Probe (Chrono Boost)  
  29  3:32  Stalker x2  
  34  3:42  Probe  
  35  3:54  Stalker (Chrono Boost)  
  39  4:04  Probe  
  39  4:09  Stalker (Chrono Boost)  
  40  4:13  Probe  
  40  4:16  Probe  
  41  4:25  Probe  
  41  4:28  Stalker, Probe  
  45  4:37  Probe  
  46  4:40  Pylon, Probe  
  46  4:43  Pylon  
  46  4:45  Stalker, Pylon  
  47  4:49  Probe  
  50  4:53  Probe, Shield Battery  
  51  5:00  Assimilator  
  51  5:04  Assimilator  
  51  5:05  Stalker x2  
  55  5:20  Robotics Facility  
  55  5:25  Probe  
  55  5:27  Probe  
  57  5:37  Probe  
  57  5:39  Probe  
  57  5:40  Stalker  
  57  5:41  Stalker  
  63  5:49  Probe  
  64  5:51  Probe  
  65  6:01  Probe  
  65  6:03  Probe  
  67  6:13  Probe  
  68  6:24  Warp Prism  
  68  6:25  Stalker, Probe  
  71  6:26  Stalker x2  
  77  6:37  Probe  
  78  7:03  Pylon  
  78  7:04  Pylon  
  78  7:06  Pylon  
  78  7:22  Gateway  
  78  7:29  Gateway  
  78  7:31  Pylon  
  64  7:48  Stalker  
  64  7:49  Stalker x2  
  48  8:22  Nexus  
  48  8:28  Stalker  
  48  8:29  Stalker, Zealot  
  54  8:43  Warp Prism  
  52  8:54  Stalker x3  
  52  8:55  Stalker x2  
  56  9:17  Stalker  
  56  9:18  Stalker x3  
  56  9:19  Stalker  
  58  9:35  Probe  
  57  9:40  Probe  
  57  9:45  Stalker  
  54  9:46  Stalker x3  
  54  9:48  Probe  
  54  9:52  Protoss Ground Armor Level 1, Probe  
  62  10:00  Probe  
  62  10:04  Assimilator, Probe  
  62  10:05  Stalker  
  66  10:08  Assimilator  
  66  10:10  Stalker  
  66  10:11  Stalker x3  
  66  10:12  Probe  
  73  10:16  Probe  
  68  10:24  Probe  
  68  10:28  Probe  
  66  10:42  Zealot  
  66  10:43  Zealot x2  
  66  10:45  Stalker x2  
  70  10:51  Pylon  
  70  10:53  Pylon  
  70  11:00  Twilight Council  
  70  11:05  Probe  
  71  11:14  Stalker x2  
  71  11:15  Stalker x2  
  71  11:17  Probe  
  80  11:27  Stalker  
  80  11:29  Probe  
  83  11:41  Probe  
  80  11:53  Protoss Shields Level 1, Probe  
  77  11:58  Charge  
  65  12:04  Stalker x2  
  65  12:05  Stalker  
  65  12:07  Stalker x2  
  67  12:24  Gateway  
  67  12:26  Gateway  
  65  12:31  Pylon  
  65  12:33  Pylon  
  65  12:35  Zealot x2  
  65  12:36  Zealot x3  
  65  13:05  Probe  
  66  13:15  Nexus, Pylon  
  66  13:17  Pylon, Probe  
  66  13:19  Assimilator x2  
  67  13:20  Stalker x2, Pylon  
  67  13:21  Stalker x3  
  67  13:22  Pylon  
  67  13:23  Stalker  
  79  13:30  Probe  
  79  13:31  Zealot  
  76  13:39  Blink  
  68  13:42  Probe  
  69  13:55  Protoss Ground Weapons Level 1  
  69  14:07  Templar Archives  
  69  14:17  Stalker x6  
  69  14:18  Stalker  
  83  14:56  Stalker x3  
  83  14:57  Stalker x3  
  83  14:58  Stalker  
  97  15:07  Probe  
  94  15:19  Probe  
  89  15:31  Probe  
  89  15:32  Stalker x2  
  89  15:33  Stalker  
  89  15:34  Stalker x2  
  89  15:35  Stalker x2  
  92  15:40  Resonating Glaives  
  92  15:41  Assimilator x2  
  92  15:42  Nexus  
  88  15:43  Probe  
  83  15:50  Pylon  
  83  15:53  Pylon  
  83  15:55  Probe  
  83  15:56  Protoss Ground Armor Level 2  
  76  16:00  Pylon  
  76  16:03  Pylon  
  76  16:12  High Templar  
  76  16:13  High Templar  
  76  16:15  Stalker x3  
  76  16:16  Stalker  
  76  16:17  Archon  
  88  16:19  Stalker  
  90  16:49  High Templar x2  
  90  16:50  High Templar x2  
  90  16:51  Stalker x3  
  90  16:53  Archon  
  104  16:54  Archon  
  104  17:11  Probe  
  105  17:23  Probe  
  106  17:35  Probe  
  107  17:38  High Templar x2  
  107  17:39  High Templar x2  
  107  17:40  Stalker x3  
  121  17:46  Pylon  
  121  17:47  Probe  
  121  17:48  Pylon  
  121  17:51  Archon x2  
  122  17:59  Probe  
  123  18:07  Stalker x3  
Show
View Real Time Build Order
Export as new Build Order

Alexvencedor Terran 

Build Orders:  

Get SALT Encoding   

  12  0:19  Refinery  
  12  0:23  Refinery, SCV  
  14  0:35  SCV  
  14  0:38  Supply Depot  
  14  0:51  SCV  
  15  1:03  SCV  
  16  1:14  Supply Depot  
  16  1:15  SCV  
  17  1:27  SCV  
  18  1:38  Barracks  
  18  1:39  SCV  
  19  1:45  Engineering Bay  
  19  1:52  SCV  
  20  2:04  SCV  
  21  2:11  Supply Depot  
  21  2:17  SCV  
  21  2:19  Terran Infantry Armor Level 1  
  22  2:29  Planetary Fortress  
  22  2:33  Barracks Reactor  
  22  2:59  Command Center  
  22  3:12  Marine x2  
  23  3:30  Marine x2  
  25  3:48  Marine x2  
  27  3:53  Factory  
  27  4:05  Marine  
  27  4:06  Marine  
  29  4:10  Supply Depot  
  29  4:13  Hi-Sec Auto Tracking  
  29  4:23  Marine x2  
  31  4:33  Supply Depot  
  27  4:46  Command Center  
  26  4:55  Supply Depot  
  26  4:59  Marine x2  
  28  5:11  Terran Infantry Weapons Level 1  
  28  5:17  Marine  
  27  5:39  Marine x2  
  29  5:57  Marine x2, Supply Depot  
  29  6:01  SCV  
  32  6:15  Marine x2  
  31  6:57  Marine x2  
  33  7:05  Neosteel Armor  
  33  7:15  Marine x2  
  34  7:19  Factory Tech Lab  
  35  7:33  Marine x2  
  37  7:50  Marine  
  37  7:51  Marine  
  16  9:04  Marine x2  
  18  9:16  SCV  
  14  9:22  Marine x2  
  15  9:28  SCV  
  13  9:40  Marine x2, SCV  
  17  9:52  SCV  
  17  9:57  Marine  
  17  9:58  Marine  
  18  10:04  SCV  
  19  10:17  SCV  
  18  10:28  Marine x2  
  17  10:29  SCV  
  17  10:41  SCV  
  18  10:46  Marine x2  
  20  10:53  SCV  
  21  11:03  Marine, Starport  
  21  11:04  Marine  
  22  11:05  SCV  
  24  11:15  Siege Tank  
  24  11:17  SCV  
  28  11:21  Marine x2  
  30  11:29  SCV  
  31  11:35  Missile Turret  
  31  11:39  Marine x2  
  32  11:47  Siege Tank  
  35  11:57  Marine  
  32  12:53  Marine  
  32  12:54  Marine  
  32  12:58  Siege Tank  
  37  13:05  Starport Tech Lab  
  37  13:09  Refinery  
  37  13:11  Marine x2  
  39  13:29  Marine x2  
  39  13:30  Siege Tank  
  38  13:35  Refinery  
  36  13:47  Marine x2  
  38  14:02  Siege Tank  
  35  15:29  Marine x2  
  29  15:46  Marine  
  22  16:07  Factory  
  22  16:08  Marine x2  
  24  16:15  Raven  
  25  16:25  Engineering Bay  
  25  16:26  Marine  
  25  16:29  Barracks  
  19  16:49  Viking  
  17  17:07  Supply Depot  
  16  17:12  Planetary Fortress  
  16  17:18  Barracks Tech Lab  
  16  17:28  Supply Depot  
  16  17:29  Viking  
  18  17:31  Supply Depot  
  18  17:42  Marine  
  19  17:53  Supply Depot  
  19  18:00  Marine  
Show
View Real Time Build Order
Export as new Build Order

SiggerSig Protoss 

Build Orders:  

Get SALT Encoding   

  12  0:05  Probe  
  13  0:17  Probe  
  14  0:29  Pylon, Probe  
  15  0:47  Probe  
  16  0:59  Probe  
  16  1:00  Gateway  
  17  1:11  Probe  
  18  1:23  Probe (Chrono Boost)  
  19  1:26  Pylon  
  19  1:31  Assimilator  
  19  1:32  Assimilator  
  19  1:35  Probe (Chrono Boost)  
  20  1:40  Pylon  
  20  1:44  Probe (Chrono Boost)  
  21  1:47  Pylon  
  21  1:49  Probe  
  22  1:56  Cybernetics Core  
  22  1:58  Pylon  
  22  2:01  Probe  
  23  2:13  Probe (Chrono Boost)  
  24  2:25  Probe (Chrono Boost)  
  25  2:31  Probe (Chrono Boost)  
  25  2:32  Forge  
  25  2:34  Pylon  
  26  2:39  Probe  
  26  2:42  Stalker  
  29  2:52  Probe  
  30  3:04  Probe  
  31  3:13  Photon Cannon  
  31  3:16  Probe  
  32  3:28  Probe  
  31  3:40  Probe  
  30  3:50  Nexus  
  30  3:54  Pylon  
  30  3:58  Assimilator  
  30  4:00  Probe (Chrono Boost)  
  31  4:03  Assimilator  
  31  4:08  Stalker  
  34  4:11  Probe (Chrono Boost)  
  34  4:15  Probe (Chrono Boost)  
  35  4:27  Probe (Chrono Boost)  
  36  4:35  Probe (Chrono Boost)  
  36  4:36  Stargate  
  36  4:37  Pylon  
  37  4:40  Pylon  
  37  4:41  Probe  
  38  4:53  Probe  
  39  5:04  Photon Cannon  
  39  5:12  Pylon  
  39  5:18  Probe (Chrono Boost)  
  40  5:24  Probe (Chrono Boost)  
  42  5:29  Probe (Chrono Boost)  
  42  5:33  Probe (Chrono Boost)  
  43  5:35  Probe (Chrono Boost)  
  43  5:38  Probe (Chrono Boost)  
  43  5:42  Void Ray  
  49  5:45  Probe  
  49  5:49  Probe  
  52  5:57  Probe  
  52  6:01  Probe  
  52  6:03  Stalker  
  55  6:09  Probe  
  56  6:13  Probe  
  57  6:21  Probe  
  62  6:25  Void Ray, Probe  
  62  6:33  Stalker, Probe  
  62  6:38  Probe  
  53  6:56  Photon Cannon  
  53  6:59  Shield Battery  
  51  7:04  Photon Cannon  
  51  7:05  Photon Cannon  
  51  7:11  Pylon  
  55  7:16  Stalker  
  55  7:21  Void Ray  
  57  7:27  Pylon  
  45  8:04  Void Ray  
  43  8:18  Nexus  
  43  8:21  Pylon  
  43  8:47  Void Ray  
  47  8:51  Stalker  
  49  9:05  Photon Cannon  
  40  9:21  Stalker  
  35  9:30  Void Ray  
  34  9:51  Stalker  
  36  10:13  Void Ray  
  40  10:56  Void Ray  
  39  11:39  Void Ray  
  43  11:50  Stalker  
  27  12:20  Stalker  
  27  12:22  Void Ray  
  16  12:50  Stalker  
  18  13:05  Void Ray  
  18  13:48  Void Ray  
Tags
 
Add a new tag
Caveats
  • Supply blocks, unpowered buildings, or Contaminate may cause inaccurate times.
  • Supply counts are checked every 10 seconds.